 Dungeon Sprint DCSS version 0.31-a0-845-g9abc20d24f (webtiles) character file.

Game seed: 1019721331062545930

189 sircluck the Ruffian (level 5, -44/59 HPs)
             Began as a Troll Berserker on Oct 2, 2023.
             Was a Believer of Trog.
             Killed from afar by an orc sorcerer (45 damage)
             ... with a bolt of fire
             ... in the Dungeon (Sprint VII: "The Pits").
             The game lasted 00:00:13 (39 turns).

sircluck the Ruffian (Troll Berserker)                Turns: 39, Time: 00:00:14

Health: -44/59     AC:  4    Str: 27    XL:     5   Next: 40%
Magic:  4/4        EV: 11    Int:  3    God:    Trog [**....]
Gold:   0          SH:  0    Dex:  9    Spells: 4/4 levels left

rFire   . .          .
                       - Unarmed
rCold   . . .        (no shield)
rNeg    . . .        a - +0 animal skin
rPois   .            (helmet restricted)
rElec   .            (no cloak)
rCorr   .            (gloves unavailable)
SInv    .            (boots unavailable)
Will    .....        (no amulet)
Stlth   +            (no ring)
HPRegen 1.09/turn    (no ring)
MPRegen 0.09/turn

%: no teleportation
@: lethally poisoned (-44 -> -44), on berserk cooldown, slowed, very slow
A: large, unfitting armour, claws 3, regeneration 1, shaggy fur 1, tough skin 1
a: Renounce Religion, Berserk, Trog's Hand


You were in the Dungeon.
You worshipped Trog.
Trog was pleased with you.
You visited 1 branch

Inventory:

Armour
 a - a +0 animal skin (worn)
Scrolls
 g - a scroll of blinking
Potions
 b - a potion of curing
 c - a potion of heal wounds
 d - a potion of haste
 e - 2 potions of magic
 f - a potion of berserk rage


   Skills:
 + Level 6.0 Fighting
 + Level 5.9 Dodging
 + Level 7.1 Unarmed Combat


You had 4 spell levels left.
You didn't know any spells.
Your spell library was empty.

Dungeon Overview and Level Annotations

Branches:
Dungeon (1/1)

Altars:


Innate Abilities, Weirdness & Mutations

You are too large for most types of armour.
You have claws for hands.
Your natural rate of healing is unusually fast.
You are covered in fur. (AC +1)
You have tough skin. (AC +1)


Message History

You suddenly lose the ability to move!
Your Fighting skill increases to level 6!
Your Unarmed Combat skill increases to level 7!
You have reached level 5!
You feel very sick. x2
The orc sorcerer hits you but does no damage.
You feel sick.
The orc sorcerer gestures at you while chanting.
You struggle to resist.
You feel sick.
The orc sorcerer hits you with a +0 dagger.
You are no longer berserk.
You feel yourself slow down.
You feel sick.
The orc sorcerer hits you with a +0 dagger.
You can move again.
Unknown command.
Unknown command.
Unknown command.
Unknown command.
Unknown command.
You scratch the orc sorcerer.
The orc sorcerer is lightly wounded.
You feel sick.
The orc sorcerer points at you and mumbles some strange words.
The bolt of fire hits you!
* * * LOW HITPOINT WARNING * * *
You closely miss the orc sorcerer.
The orc sorcerer is lightly wounded.
You feel sick.
The orc sorcerer hits you with a +0 dagger.
* * * LOW HITPOINT WARNING * * *
You scratch the orc sorcerer but do no damage.
The orc sorcerer is lightly wounded.
* * * LOW HITPOINT WARNING * * *
You feel sick.
The orc sorcerer hits you but does no damage.
The orc sorcerer casts a spell at you. The bolt of fire hits you!!!
Ouch! That really hurt!
You die...

#................#
####'#####''######
#.......##''#
#.......##..#
#.......##..#
#...<...##..# #
#.......##..# .###
#.......##..#....##
#.......##.@o.....#
##########..†.....+
#..'.....#
#..#....##
#..#..### #..####
#..# #..#


You could see an orc sorcerer.

Vanquished Creatures
  A scorpion (D)
  3 killer bees (D)
4 creatures vanquished.

Notes
Turn   | Place    | Note
-------+----------+-------------------------------------------
     0 | D        | sircluck the Troll Berserker began the quest for the Orb.
     0 | D        | Reached XP level 1. HP: 22/22 MP: 0/0
    21 | D        | Noticed a killer bee
    21 | D        | Noticed a killer bee
    21 | D        | Noticed a killer bee
    21 | D        | Noticed a scorpion
    21 | D        | Noticed an orc sorcerer
    23 | D        | Killed a killer bee
    24 | D        | Reached skill level 4 in Unarmed Combat
    24 | D        | Reached XP level 2. HP: 32/32 MP: 1/1
    24 | D        | Reached XP level 3. HP: 39/39 MP: 2/2
    28 | D        | Killed a killer bee
    29 | D        | Reached skill level 5 in Unarmed Combat
    29 | D        | Reached XP level 4. HP: 48/49 MP: 3/3
    30 | D        | Reached ** piety under Trog
    31 | D        | Reached skill level 5 in Fighting
    31 | D        | Reached skill level 5 in Dodging
    31 | D        | Reached skill level 6 in Unarmed Combat
    31 | D        | Killed a scorpion
    31 | D        | Paralysed by an orc sorcerer for 5 turns
    32 | D        | Reached skill level 7 in Unarmed Combat
    32 | D        | Reached XP level 5. HP: 44/59 MP: 4/4
    38 | D        | HP: 1/59 [orc sorcerer/+0 dagger (2)]
    39 | D        | Killed from afar by an orc sorcerer

Illustrated notes

Levels and vault maps discovered:
D:        pitsprint [storerooms_1, entrance_room_1, metal_vault_1, armoury_1,
          mini_pit_1, grid_room_1, main_hall_1, silver_pit, the_coven_3,
          the_vestibule_1, steel_vault_2, golden_pit, hallway_of_sentries,
          crystal_vault_4, iron_vault_5, final_vault]

Skill      XL: |  1  2  3  4 |
---------------+-------------+-----
Fighting       | 4 6 |  6.0
Dodging        | 4 5 |  5.9
Unarmed Combat | 4 5 7 |  7.1

Action                     |  1- 3 |  4- 6 || total
---------------------------+-------+-------++-------
  Melee: Unarmed           |     5 |     6 ||    11
 Invoke: Berserk           |     1 |       ||     1
 Armour: Animal skin       |     6 |     9 ||    15
  Dodge: Dodged            |     5 |       ||     5

Table legend: (Time is in decaauts)
 A = Elapsed time spent in this place.
 B = Non-inter-level travel time spent in this place.
 C = Inter-level travel time spent in this place.
 D = Time resting spent in this place.
 E = Time spent auto-exploring this place.
 F = Levels seen in this place.
 G = Mean time per level.
                   A        B        C        D        E       F      G
               +--------+--------+--------+--------+--------+-----+--------+
         Total |     35 |     35 |      0 |      0 |     21 |   1 |   35.0 |
       Dungeon |     35 |     35 |      0 |      0 |     21 |   1 |   35.0 |
               +--------+--------+--------+--------+--------+-----+--------+

Top non-repeatable levels by time:
       D: 35 daAuts
